 Dungeon Crawl Stone Soup version 0.29.0-5-ge4962eb29e (webtiles) character file.

Game seed: 17061267866568432474

43 michalxdhe the Trooper (level 3, -1/33 HPs)
             Began as a Draconian Monk on Aug 29, 2022.
             Was an Initiate of Makhleb.
             Killed from afar by an orc wizard (5 damage)
             ... with a magic dart
             ... on level 4 of the Dungeon.
             The game lasted 00:22:48 (1535 turns).

michalxdhe the Trooper (Draconian Monk)             Turns: 1535, Time: 00:22:49

Health: -1/33      AC:  7    Str: 15    XL:     3   Next: 37%
Magic:  3/3        EV: 13    Int: 10    God:    Makhleb [......]
Gold:   65         SH:  0    Dex: 13    Spells: 2/2 levels left

rFire   . . .      SeeInvis .   v - +0 falchion
rCold   . . .      Faith    .   (no shield)
rNeg    . . .      Spirit   .   (body armour unavailable)
rPois   .          Reflect  .   (helmet restricted)
rElec   .          Harm     .   l - +0 cloak
rCorr   +          Rampage  .   (no gloves)
Will    .....                   j - +0 pair of boots
Stlth   ++........              (no amulet)
HPRegen 0.11/turn               i - ring of resist corrosion
MPRegen 0.08/turn               (no ring)

@: no status effects
A: AC +5, unfitting armour, cold-blooded
a: Renounce Religion


You were on level 4 of the Dungeon.
You worshipped Makhleb.
Makhleb was noncommittal.
You visited 1 branch of the dungeon, and saw 4 of its levels.

You collected 65 gold pieces.

Inventory:

Hand Weapons
 a - a +0 spear
 f - a +0 long sword
 o - a +0 whip
 v - a +0 falchion (weapon)
Armour
 h - a +0 leather armour
 j - a +0 pair of boots (worn)
 k - a +0 robe
 l - a +0 cloak (worn)
 p - a +0 chain mail
Magical Staves
 m - a staff of conjuration
Jewellery
 i - a ring of resist corrosion (left hand)
Scrolls
 d - 2 scrolls of teleportation {unknown}
 e - a scroll of enchant armour {unknown}
 g - a scroll of enchant weapon {unknown}
 q - a scroll of poison {unknown}
 r - a scroll of identify {unknown}
 s - a scroll of butterflies {unknown}
 t - a scroll of summoning {unknown}
Potions
 b - a potion of ambrosia
 c - a potion of magic {unknown}
 n - a potion of heal wounds {unknown}
 u - a potion of berserk rage {unknown}


   Skills:
 + Level 3.7 Fighting
 + Level 3.4(3.5) Polearms
 * Level 0.4(2.1) Staves
 + Level 3.1 Dodging
 + Level 2.1 Stealth


You had 2 spell levels left.
You didn't know any spells.
Your spell library contained the following spells:

 Spells                   Type           Power      Damage    Failure   Level
 Inner Flame              Hex/Fire       0%         N/A       75%         3
 Cause Fear               Hex            0%         N/A       98%         4
 Discord                  Hex            0%         N/A       100%        8


Dungeon Overview and Level Annotations

Branches:
Dungeon (4/15)
 Temple: D:4-7

Altars:
Makhleb
Sif Muna
The Shining One


Innate Abilities, Weirdness & Mutations

Your plain brown scales are hard. (AC +5)
You cannot fit into any form of body armour.
You are cold-blooded and may be slowed by cold attacks.


Message History

Something hits you.
You completely miss something.
You feel less confused.
Something hits you but does no damage. x2
Something hits you but does no damage.
You see here a scroll labelled NODIPERUNU.
You barely miss something. Something hits you. Something barely misses you.
Something hits you. x2
* * * LOW HITPOINT WARNING * * *
Something hits you but does no damage.
You see here a +0 spear.
There is a strange disturbance nearby!
You miss something.
Your tail-slap misses something.
You hear some strange, mumbled words.
Something tries to affect you, but you resist.
Something hits you.
* * * LOW HITPOINT WARNING * * *
You hit something. Something barely misses you. x2
Something hits you but does no damage. x2
You completely miss something.
You hear some strange, mumbled words.
A magic dart appears from out of thin air!
The magic dart hits you but does no damage.
Something hits you but does no damage.
You barely miss something.
Your tail-slap misses something.
You hear some strange, mumbled words.
A puff of flame appears from out of thin air!
The puff of flame hits you.
* * * LOW HITPOINT WARNING * * *
Something barely misses you.
You miss something.
Your tail-slap misses something.
Something barely misses you. Something hits you but does no damage.
Something hits you.
* * * LOW HITPOINT WARNING * * *
Something hits you but does no damage.
You hit something.
Your tail-slap misses something.
You hear some strange, mumbled words.
A magic dart appears from out of thin air!
The magic dart hits you.
You die...

#.# ##.#.# #.# #...
###.# #.## ..#.# .#
#.#.# .# #$ #.#.# .#
....##.#.# #
#.......$######.##.
.....=.#.).{@.......
#######....{........
............$.###
###############


There were no monsters in sight!

Vanquished Creatures
  3 dart slugs
  5 orcs
  5 ball pythons
  3 bats
  3 endoplasms
  A giant cockroach (D:2)
  A goblin (D:1)
  3 hobgoblins
  3 frilled lizards
  2 kobolds
  2 rats
31 creatures vanquished.

Notes
Turn   | Place    | Note
-------+----------+-------------------------------------------
     0 | D:1      | michalxdhe the Draconian Monk began the quest for the Orb.
     0 | D:1      | Reached XP level 1. HP: 19/19 MP: 1/1
   191 | D:1      | Reached XP level 2. HP: 21/26 MP: 2/2
   562 | D:2      | Found a faded altar of an unknown god.
   580 | D:2      | Prayed at the altar of an unknown god.
   580 | D:2      | Became a worshipper of Sif Muna the Loreminder
   580 | D:2      | Reached * piety under Sif Muna
   580 | D:2      | Reached ** piety under Sif Muna
   895 | D:2      | Reached XP level 3. HP: 29/33 MP: 3/3
  1049 | D:3      | Reached *** piety under Sif Muna
  1108 | D:3      | Found a glowing golden altar of the Shining One.
  1211 | D:3      | Found a burning altar of Makhleb.
  1218 | D:3      | Fell from the grace of Sif Muna
  1218 | D:3      | Became a worshipper of Makhleb the Destroyer
  1535 | D:4      | Killed from afar by an orc wizard

Illustrated notes

Levels and vault maps discovered:
D:1:      dpeg_arrival_windows_large_door, layout_loops_ring
D:2:      layout_loops_corners, hellmonk_ecumenical_altar_zigzags,
          nicolae_kite_square_tiling_tiny
D:3:      layout_basic, yredelemnul_forgotten_temple_becter,
          lightli_temple_of_fire, old_standard_altar
D:4:      layout_loops_ring, trog_book

Skill      XL: |  1  2 |
---------------+-------+-----
Dodging        | 3 |  3.1
Stealth        | 2 |  2.1
Fighting       | |  3.7
Polearms       | |  3.4
Staves         | |  0.4

Action                   || total
-------------------------++-------
Melee: Spear             ||   129
       Tailslap          ||    13
       Falchion          ||    18
  Use: Scroll            ||     1
 Stab: Sleeping          ||     5
       Distracted        ||     1
Armor: Skin              ||    64
Dodge: Dodged            ||    92
